 Dungeon Crawl Stone Soup version 0.25-a0-578-gc91f01c39c (webtiles) character file.

Game seed: 8716102346984076805, levelgen mode: deterministic

21 Flugslaktarn the Shield-Bearer (level 2, 14/27 HPs)
             Began as a Deep Dwarf Fighter on Mar 5, 2020.
             Starved to death
             ... on level 2 of the Dungeon.
             The game lasted 00:00:18 (297 turns).

Flugslaktarn the Shield-Bearer (Deep Dwarf Fighter)  Turns: 297, Time: 00:00:19

Health: 14/27      AC: 10    Str: 19    XL:     2   Next: 65%
Magic:  2/2        EV:  7    Int:  8    God:
Gold:   0          SH:  9    Dex: 12    Spells: 1/1 levels left

rFire    . . .     SeeInvis .   a - +0 war axe
rCold    . . .     Gourm    .   c - +0 kite shield
rNeg     . . .     Faith    .   b - +0 scale mail
rPois    .         Spirit   .   (no helmet)
rElec    .         Reflect  .   (no cloak)
rCorr    .         Harm     .   (no gloves)
MR       .....                  h - +2 pair of boots
Stlth    ..........             (no amulet)
HPRegen  0.00/turn              (no ring)
MPRegen  0.08/turn              (no ring)

@: fainting, non-regenerating
A: damage resistance, heal wounds, sense surroundings 1, no regeneration
a: Heal Wounds


You were on level 2 of the Dungeon.
You were fainting.

You visited 1 branch of the dungeon, and saw 2 of its levels.

Inventory:

Hand Weapons
 a - a +0 war axe (weapon)
Armour
 b - a +0 scale mail (worn)
 c - a +0 kite shield (worn)
 h - a +2 pair of boots (worn)
   (You found it on level 1 of the Dungeon)
Scrolls
 g - a scroll of identify {unknown}
 i - a scroll of amnesia {unknown}
 j - a scroll of teleportation {unknown}
Potions
 d - a potion of might


   Skills:
 + Level 2.9 Fighting
 * Level 2.8 Axes
 + Level 3.5 Armour
 + Level 3.5 Shields


You had one spell level left.
You didn't know any spells.
Your spell library was empty.

Dungeon Overview and Level Annotations

Branches:
Dungeon (2/15)

Altars:


Innate Abilities, Weirdness & Mutations

You are resistant to damage.
You can heal yourself by infusing magical energy.
You passively map a small area around you.
You do not regenerate.


Message History

You barely miss the hungry ghost.
The hungry ghost is severely damaged.
You block the hungry ghost's attack.
You closely miss the hungry ghost.
The hungry ghost is severely damaged.
The hungry ghost hits you.
You feel slightly more hungry.
You barely miss the hungry ghost.
The hungry ghost is severely damaged.
The hungry ghost hits you.
You feel slightly more hungry. You block the hungry ghost's attack.
You miss the hungry ghost.
The hungry ghost is severely damaged.
The hungry ghost hits you.
You feel slightly more hungry.
You closely miss the hungry ghost.
The hungry ghost is severely damaged.
The hungry ghost closely misses you. The hungry ghost hits you.
You closely miss the hungry ghost.
The hungry ghost is severely damaged.
You have starved to death.
You die...

..####.##.. ,
...#...##.#* * * * *
...<...##.# * * *
.......##.### **
............#### , ,
, ,
.......##.#....#, ,
, .......##....#.#**
* ,
..).#.######.#.#####
, ...##.# #.#..@W.#,
, , ,, ..###.#
#.#####.....# ###
#.# #.# * ..#.# #.#
#.., ## * * ###, * ,
, , * *,* ,* , * *,


You could see a hungry ghost.

Vanquished Creatures
  An adder (D:2)
  A dart slug (D:2)
  A leopard gecko (D:1)
  A giant cockroach (D:1)
  4 hobgoblins
  A kobold (D:1)
9 creatures vanquished.

Vanquished Creatures (others)
  A goblin (D:2)
1 creature vanquished.

Grand Total: 10 creatures vanquished

Notes
Turn   | Place    | Note
-------+----------+-------------------------------------------
     0 | D:1      | Flugslaktarn the Deep Dwarf Fighter began the quest for the
                  | Orb.
     0 | D:1      | Reached XP level 1. HP: 20/20 MP: 1/1
   125 | D:1      | Reached XP level 2. HP: 22/27 MP: 2/2
   241 | D:2      | Noticed a hungry ghost
   297 | D:2      | Starved to death

Levels and vault maps discovered:
D:1:      evilmike_arrival_plus, layout_basic
D:2:      layout_rooms, vehumet_crystals, chequers_ecumenical_altar_simple,
          first_ration, minmay_pentomino_s4

Action                   || total
-------------------------++-------
Melee: War axe           ||    70
  Eat: Chunk             ||     3
       Ration            ||     2
Armor: Scale mail        ||    34
Dodge: Dodged            ||    19
Block: Kite shield       ||    33

Table legend:
 A = Non-vault XP
 B = Vault XP
 C = Vault XP percentage of total XP
 D = Non-vault monster count
 E = Vault monster count
 F = Vault count percentage of total count
                 A         B        C        D         E       F
            +---------+---------+-------+---------+---------+-------
      Total |      31 |       0 |   0.0 |       9 |       0 |   0.0
            +---------+---------+-------+---------+---------+-------
        D:1 |      12 |       0 |   0.0 |       6 |       0 |   0.0
        D:2 |      19 |       0 |   0.0 |       3 |       0 |   0.0
            +---------+---------+-------+---------+---------+-------
